 Dungeon Crawl Stone Soup version 0.26-a0-606-g3c8f2f65f7 (webtiles) character file.

Game seed: 4255832660963933027

21 MrRokkomies the Covered (level 2, -2/22 HPs)
             Began as a Demigod Wanderer on Sept 2, 2020.
             Succumbed to a kobold's poison
             ... on level 1 of the Dungeon.
             The game lasted 00:01:36 (595 turns).

MrRokkomies the Covered (Demigod Wanderer)           Turns: 595, Time: 00:01:36

Health: -2/22      AC:  9    Str: 15    XL:     2   Next: 45%
Magic:  6/6        EV:  9    Int: 16    God:
Gold:   0          SH:  0    Dex: 15    Spells: 3/3 levels left

rFire    . . .     SeeInvis .   i - -3 hunting sling (curse)
rCold    . . .     Faith    .   (no shield)
rNeg     . . .     Spirit   .   b - +2 scale mail
rPois    .         Reflect  .   h - +0 helmet
rElec    .         Harm     .   (no cloak)
rCorr    .                      (no gloves)
MR       .....                  (no boots)
Stlth    ..........             (no amulet)
HPRegen  0.07/turn              (no ring)
MPRegen  0.10/turn              (no ring)

@: lethally poisoned (-2 -> -49)
A: high mp 1
a: no special abilities


You were on level 1 of the Dungeon.
You visited 1 branch of the dungeon, and saw 1 of its levels.

Inventory:

Hand Weapons
 a - a +0 hand axe
 d - a +0 dagger
 i - a cursed -3 hunting sling (weapon)
Armour
 b - a +2 scale mail (worn)
 h - a +0 helmet (worn)
Potions
 e - 2 potions of degeneration
 g - a potion of stabbing {unknown}


   Skills:
 * Level 0.5 Fighting
 + Level 0.6(1.3) Axes
   Level 1.7(1.8) Maces & Flails
 + Level 1.1 Throwing
 * Level 3.1 Armour
 - Level 1.0 Stealth
 - Level 1.1 Spellcasting
   Level 1.7 Fire Magic


You had 3 spell levels left.
You didn't know any spells.
Your spell library was empty.

Dungeon Overview and Level Annotations

Branches:
Dungeon (1/15)


Innate Abilities, Weirdness & Mutations

You have an increased reservoir of magic. (+10% MP)


Message History

The kobold is heavily wounded.
You feel very sick. The kobold closely misses you.
The kobold hits you but does no damage.
You are more poisoned.
You barely miss the kobold.
The kobold is heavily wounded.
* * * LOW HITPOINT WARNING * * *
You feel very sick. The kobold closely misses you.
You barely miss the kobold.
The kobold is heavily wounded.
* * * LOW HITPOINT WARNING * * *
You feel very sick. The kobold hits you but does no damage.
You are more poisoned.
The kobold hits you but does no damage.
You are more poisoned.
You clumsily bash the kobold but do no damage.
The kobold is heavily wounded.
You die...

#.......#.#..... .#..
....#.#.###.###.#.###
#.. ..
#..(...<......#...###..
#.#.###.###.#.#........
.......#.#......#####.##
.# #.#.#.#.#.#### ##.##
#.........#.#####..#
###.#.#.###.#.....##
#.#.@...#.....#####
#.#K###.#.....#######
#.(.#.......#......#.
#>.##......###..##.#.
##(.#......# ##.##.#.
.#.†###.### #.##...
.###.. #.## #.####. .
..(##..## #..# #. .
..(.###..## ##.# #.


You could see a kobold.

Vanquished Creatures
  A leopard gecko (D:1)
  2 bats (D:1)
  A giant cockroach (D:1)
  A goblin (D:1)
  3 hobgoblins (D:1)
  A frilled lizard (D:1)
  7 kobolds (D:1)
  3 rats (D:1)
19 creatures vanquished.

Vanquished Creatures (others)
  12 plants (D:1)
12 creatures vanquished.

Grand Total: 31 creatures vanquished

Notes
Turn   | Place    | Note
-------+----------+-------------------------------------------
     0 | D:1      | MrRokkomies the Demigod Wanderer began the quest for the
                  | Orb.
     0 | D:1      | MrRokkomies set off with the following items: a +0 hand
                  | axe, a +2 scale mail, 8 poisoned darts, a +0 dagger
     0 | D:1      | Reached XP level 1. HP: 14/14 MP: 4/4
    58 | D:1      | Reached skill level 3 in Armour
   123 | D:1      | Reached XP level 2. HP: 20/20 MP: 6/6
   202 | D:1      | HP: 1/22 [leopard gecko (3)]
   595 | D:1      | Succumbed to a kobold's poison

Illustrated notes

Levels and vault maps discovered:
D:1:      roderic_chinese_lattice_arrival, layout_rooms, lexackson_kobold_supper

Skill      XL: |  1 |
---------------+----+-----
Armour         | 3 |  3.1
Fighting       | |  0.5
Axes           | |  0.6
Maces & Flails | |  1.7
Throwing       | |  1.1
Stealth        | |  1.0
Spellcasting   | |  1.1
Fire Magic     | |  1.7

Action                   || total
-------------------------++-------
Melee: Hand axe          ||    41
       Hunting sling     ||     9
Throw: Dart              ||     8
  Use: Scroll            ||     1
Armor: Scale mail        ||    27
Dodge: Dodged            ||    29

Table legend: (Time is in decaauts)
 A = Elapsed time spent in this place.
 B = Non-inter-level travel time spent in this place.
 C = Inter-level travel time spent in this place.
 D = Time resting spent in this place.
 E = Time spent auto-exploring this place.
 F = Levels seen in this place.
 G = Mean time per level.
                   A        B        C        D        E       F      G
               +--------+--------+--------+--------+--------+-----+--------+
         Total |    608 |    608 |      0 |    218 |    254 |   1 |  608.0 |
       Dungeon |    608 |    608 |      0 |    218 |    254 |   1 |  608.0 |
               +--------+--------+--------+--------+--------+-----+--------+

Top non-repeatable levels by time:
     D:1: 608 daAuts
